cohdb
Replays
Latest Replays
All Replays
Popular Replays
Top Player Replays
Match Explorer
How It Works
Community
CoH3 Stats
Reddit
Sign in to upload your games and track your stats! →
Sign in with Steam
Match 42437658
Unlisted
Match 42437658
Overview
Messages
Build Orders
End
Kradschützen Motorcycle Team
Selects Panzerjäger Kommand Battlegroup
Selects Blockade Equipment
Selects Mine Fields
Panzergrenadier Squad
Panzergrenadier Squad
Construct Light Support Kompanie
Fire Support Elements
Assault Grenadier Squad
2.5-tonne Medical Truck
Assault Mechanized Group
Panzerpioneer Squad
Selects Defensive Positions
Rokundas
CommieRed
Thank You Chef
Godz345
mcq_knight
Colonial Marines
RustysReturn
2041162108
0
0
Comments
sign in to comment!
No comments posted yet!